AoeStats
← AxingQuestions

Oasis

509311488Analyzed
4v4 RM · 5d ago on Sep 26, 2026· 56m 14s· 8 players
Game mode
Random Map
Map size
Large (8 player)
Population
200
Speed
Normal
Resources
Standard
Victory
Conquest
Starting age
Dark Age
Ending age
Imperial Age
RankedLock teamsTeams togetherTeam positionsShared explorationLock speedFull tech treeHidden civsTurbo modeCheats
Victory
Defeat
🇮🇳 Ethiopians · India
1175
+18
🇨🇳 Cumans · China
1174
+18
🇪🇸 Mongols · Spain
1146
+19
🇹🇼 Magyars · Taiwan
1124
+19
🇦🇷 Ethiopians · Argentina
1224
-20
🇧🇴 Franks · Bolivia
1205
-18
🇳🇱 Saracens · Netherlands
1205
-18
🇺🇸 Vikings · United States
1194
-18
wuyu
2:44 Loom
11:17 Feudal Age
18:11 Horse Collar
22:41 Castle Age
21:24 Bloodlines
22:37 Scale Barding Armor
23:37 Wheelbarrow
28:16 Double-Bit Axe
34:08 Fletching
35:47 Chain Barding Armor
35:38 Forging
35:52 Gold Mining
38:49 Iron Casting
43:40 Hand Cart
47:03 Imperial Age
48:21 Plate Barding Armor
48:47 Blast Furnace
49:19 Light Cavalry
51:25 Town Watch
53:43 Conscription
53:25 Steppe Husbandry
54:47 Town Patrol
55:44 Elite Steppe Lancer
MAND_Dã quỳ
7:53 Loom
9:59 Feudal Age
13:03 Fletching
13:00 Double-Bit Axe
20:00 Castle Age
18:58 Padded Archer Armor
20:07 Crossbowman
20:45 Bodkin Arrow
21:06 Leather Archer Armor
21:13 Crossbowman
22:18 Thumb Ring
24:46 Bow Saw
25:29 Ballistics
32:13 Imperial Age
31:08 Scale Mail Armor
31:19 Forging
34:20 Chemistry
33:22 Bracer
34:04 Arbalester
37:44 Ring Archer Armor
39:33 Iron Casting
39:25 Chain Mail Armor
39:16 Gold Mining
39:08 Horse Collar
40:03 Halberdier
45:07 Wheelbarrow
49:15 Blast Furnace
48:46 Plate Mail Armor
48:14 Murder Holes
48:30 Masonry
49:27 Two-Man Saw
49:05 Gold Shaft Mining
52:28 Squires
5A
2:22 Loom
9:40 Feudal Age
11:03 Double-Bit Axe
14:05 Scale Barding Armor
15:22 Horse Collar
17:28 Bloodlines
23:01 Castle Age
25:19 Bow Saw
25:41 Husbandry
28:27 Chain Barding Armor
29:06 Gold Mining
31:45 Wheelbarrow
33:58 Heavy Plow
34:15 Hand Cart
34:23 Stone Mining
35:09 Gold Shaft Mining
40:16 Imperial Age
38:45 Fervor
41:51 Plate Barding Armor
41:27 Padded Archer Armor
41:17 Fletching
42:37 Corvinian Army
41:59 Elite Magyar Huszar
43:41 Heavy Cavalry Archer
44:47 Parthian Tactics
44:28 Thumb Ring
44:40 Leather Archer Armor
45:54 Two-Man Saw
44:53 Bodkin Arrow
46:45 Recurve Bow
51:48 Hoardings
54:27 Crop Rotation
54:29 Ring Archer Armor
54:00 Bracer
Agapito di Sousa
10:34 Feudal Age
12:23 Wheelbarrow
12:13 Double-Bit Axe
14:53 Castle Age
12:58 Horse Collar
16:17 Loom
20:10 Scale Barding Armor
20:30 Bow Saw
21:34 Forging
27:32 Chain Barding Armor
29:06 Fletching
29:16 Padded Archer Armor
30:35 Bodkin Arrow
31:08 Ballistics
31:19 Husbandry
31:42 Hand Cart
33:07 Leather Archer Armor
37:10 Imperial Age
35:05 Gold Mining
35:40 Town Watch
36:12 Thumb Ring
36:21 Masonry
36:23 Bloodlines
38:19 Bracer
39:28 Chemistry
38:53 Elite Mangudai
40:59 Parthian Tactics
44:32 Town Patrol
45:11 Caravan
AxingQuestions
10:33 Feudal Age
11:31 Loom
15:29 Castle Age
14:23 Scale Barding Armor
14:31 Forging
20:42 Double-Bit Axe
20:57 Horse Collar
21:39 Town Watch
23:17 Chain Barding Armor
26:08 Iron Casting
26:40 Fletching
27:34 Bodkin Arrow
27:58 Bow Saw
29:41 Heavy Plow
30:49 Town Patrol
31:02 Squires
32:04 Gold Mining
32:04 Stone Mining
32:30 Pikeman
35:17 Scale Mail Armor
39:19 Imperial Age
37:28 Chain Mail Armor
37:37 Arson
39:23 Onager
42:48 Plate Mail Armor
43:19 Blast Furnace
42:23 Bracer
45:24 Hoardings
47:32 Murder Holes
47:49 Masonry
48:33 Conscription
50:10 Conscription
50:31 Hoardings
54:08 Fortified Wall
54:29 Architecture
53:41 Treadmill Crane
Lechugamer
6:32 Loom
9:15 Feudal Age
20:08 Fletching
22:36 Castle Age
20:57 Gold Mining
20:47 Horse Collar
22:45 Crossbowman
23:20 Bodkin Arrow
24:51 Double-Bit Axe
25:29 Horse Collar
27:14 Padded Archer Armor
29:47 Leather Archer Armor
31:27 Scale Mail Armor
33:57 Thumb Ring
40:08 Imperial Age
38:57 Forging
39:04 Chain Mail Armor
39:44 Ballistics
40:03 Gold Shaft Mining
39:29 Heavy Plow
39:40 Bow Saw
40:16 Arbalester
41:25 Bracer
42:48 Chemistry
44:07 Ring Archer Armor
44:25 Wheelbarrow
49:15 Siege Engineers
Don Dimadon
5:45 Loom
9:29 Feudal Age
10:40 Double-Bit Axe
21:12 Castle Age
20:37 Scale Barding Armor
20:43 Forging
21:13 Wheelbarrow
24:18 Chain Barding Armor
28:24 Gold Mining
28:46 Bow Saw
34:14 Iron Casting
35:16 Hand Cart
37:33 Imperial Age
34:51 Town Watch
35:17 Husbandry
37:36 Cavalier
38:39 Conscription
38:56 Plate Barding Armor
39:05 Paladin
42:44 Blast Furnace
50:28 Light Cavalry
Brandon
7:31 Loom
11:17 Feudal Age
13:07 Double-Bit Axe
Connection lost

Rejoining the realm…

Still unreachable

The connection could not be restored.

Session expired

The server has moved on; the page needs a fresh start.